AoeStats
← El Oso Rulo

Arena

508024962Analyzed
3v3 RM · 11d ago on Sep 20, 2026· 89m 46s· 6 players
Game mode
Random Map
Map size
Normal (6 player)
Population
200
Speed
Normal
Resources
Standard
Victory
Conquest
Starting age
Dark Age
Ending age
Imperial Age
RankedLock teamsTeams togetherTeam positionsShared explorationLock speedFull tech treeHidden civsTurbo modeCheats
Victory
Defeat
🇦🇷 Lithuanians · Argentina
840
+14
🇦🇷 Saracens · Argentina
830
+15
🇦🇷 Franks · Argentina
799
+15
🇩🇪 Cumans · Germany
832
-16
🇩🇪 Burgundians · Germany
804
-15
🇩🇪 Saracens · Germany
760
-13
frizzlemadizzle
10:31 Feudal Age
8:47 Loom
9:06 Double-Bit Axe
9:43 Horse Collar
13:34 Bow Saw
13:41 Town Watch
14:33 Wheelbarrow
16:27 Scale Barding Armor
16:33 Forging
17:28 Heavy Plow
17:39 Gold Mining
22:22 Castle Age
24:48 Chain Barding Armor
25:51 Stone Mining
26:13 Husbandry
25:36 Light Cavalry
27:55 Two-Man Saw
27:46 Cavalier
29:58 Iron Casting
29:14 Fletching
31:13 Ballistics
33:44 Imperial Age
33:40 Crop Rotation
35:21 Fortified Wall
36:12 Chemistry
35:08 Murder Holes
35:11 Paladin
38:12 Plate Barding Armor
38:50 Blast Furnace
38:09 Caravan
38:54 Redemption
45:13 Guard Tower
46:19 Bodkin Arrow
46:25 Padded Archer Armor
48:59 Bracer
53:49 Masonry
84:52 Hussar
Dankemerkel21
13:20 Feudal Age
19:05 Castle Age
17:28 Double-Bit Axe
17:24 Horse Collar
37:41 Imperial Age
37:25 Fletching
37:35 Padded Archer Armor
37:47 Forging
37:42 Scale Barding Armor
37:50 Bow Saw
37:43 Heavy Plow
38:06 Gold Mining
38:13 Bodkin Arrow
37:56 Capped Ram
38:59 Conscription
39:17 Hoardings
40:29 Two-Man Saw
40:09 Counterweights
41:32 Hoardings
42:08 Wheelbarrow
41:18 Town Watch
41:19 Loom
42:25 Gold Shaft Mining
42:23 Parthian Tactics
42:30 Thumb Ring
43:02 Bracer
43:17 Leather Archer Armor
43:35 Heavy Cavalry Archer
44:47 Hand Cart
45:25 Ring Archer Armor
45:18 Town Patrol
47:06 Caravan
47:36 Coinage
49:15 Ballistics
49:56 Chemistry
48:42 Arrowslits
48:53 Murder Holes
49:09 Fortified Wall
49:10 Masonry
48:42 Treadmill Crane
51:22 Iron Casting
51:07 Chain Barding Armor
51:27 Siege Engineers
52:06 Chain Barding Armor
53:25 Blast Furnace
52:57 Banking
54:46 Plate Barding Armor
54:08 Stone Mining
55:00 Heavy Camel Rider
55:41 Husbandry
55:52 Bloodlines
58:26 Elite Mameluke
61:27 Light Cavalry
64:05 Hussar
Pjoddiboy
13:23 Feudal Age
13:56 Double-Bit Axe
13:53 Horse Collar
15:34 Loom
18:54 Castle Age
18:26 Bloodlines
18:25 Padded Archer Armor
19:01 Fletching
20:46 Heavy Plow
21:03 Bow Saw
25:12 Wheelbarrow
24:05 Elite Skirmisher
24:55 Scale Mail Armor
26:02 Gold Mining
26:03 Stone Mining
25:54 Light Cavalry
27:57 Hand Cart
27:29 Town Watch
29:24 Leather Archer Armor
29:06 Bodkin Arrow
34:32 Imperial Age
34:09 Ballistics
33:45 Murder Holes
34:01 Masonry
35:11 Town Patrol
35:38 Conscription
35:26 Steppe Husbandry
36:01 Ring Archer Armor
34:56 Cavalier
35:46 Scale Barding Armor
35:52 Forging
37:38 Chemistry
36:38 Hussar
38:55 Guilds
38:46 Caravan
39:45 Chain Barding Armor
39:42 Chain Mail Armor
40:15 Crop Rotation
41:07 Capped Ram
42:42 Squires
42:27 Arson
42:03 Pikeman
42:04 Man-at-Arms
43:16 Plate Mail Armor
43:23 Iron Casting
43:24 Halberdier
46:22 Blast Furnace
47:12 Two-Man Saw
47:43 Siege Ram
50:50 Long Swordsman
52:09 Gold Shaft Mining
52:19 Two-Handed Swordsman
52:40 Onager
54:58 Parthian Tactics
54:39 Thumb Ring
55:16 Plate Barding Armor
54:07 Champion
58:09 Siege Onager
Yisus
2:01 Loom
12:14 Feudal Age
14:08 Gold Mining
14:48 Double-Bit Axe
22:43 Castle Age
24:13 Stone Mining
25:49 Caravan
26:07 Bow Saw
29:59 Imperial Age
28:58 Gold Shaft Mining
31:57 Fortified Wall
33:14 Conscription
32:29 Cavalier
36:15 Scale Mail Armor
39:11 Chain Mail Armor
39:01 Scale Barding Armor
39:07 Forging
44:46 Wheelbarrow
46:30 Paladin
47:14 Husbandry
48:48 Plate Mail Armor
48:39 Chain Barding Armor
62:59 Hand Cart
62:29 Town Watch
62:45 Pikeman
65:54 Padded Archer Armor
65:45 Fletching
66:30 Iron Casting
66:31 Plate Barding Armor
65:40 Light Cavalry
65:42 Elite Throwing Axeman
66:59 Hoardings
67:59 #83
68:44 Arrowslits
70:00 Chemistry
69:21 Ballistics
68:57 Murder Holes
69:12 Masonry
69:09 Siege Engineers
Mancuso
1:11 Loom
11:45 Feudal Age
12:48 Horse Collar
12:57 Double-Bit Axe
20:29 Castle Age
19:32 Scale Barding Armor
20:44 Gold Mining
20:47 Stone Mining
21:12 Forging
20:53 Fletching
21:28 Heavy Plow
22:33 Caravan
24:36 Bloodlines
28:09 Fortified Wall
29:49 Bodkin Arrow
37:04 Imperial Age
35:06 Light Cavalry
35:47 Husbandry
36:20 Chain Barding Armor
36:50 Iron Casting
37:43 Masonry
37:29 Murder Holes
37:14 Treadmill Crane
38:43 Conscription
40:19 Plate Barding Armor
39:10 Elite Mameluke
40:41 Wheelbarrow
39:51 Town Watch
40:48 Gold Shaft Mining
42:39 Blast Furnace
42:59 Heavy Camel Rider
45:09 Hoardings
45:24 Bracer
44:48 Hussar
48:20 Counterweights
El Oso Rulo
0:28 Loom
10:29 Feudal Age
11:03 Double-Bit Axe
12:02 Horse Collar
19:52 Castle Age
19:19 Gold Mining
19:19 Stone Mining
21:02 Bow Saw
23:54 Forging
23:49 Scale Barding Armor
24:26 Heavy Plow
25:44 Fortified Wall
25:46 Husbandry
26:17 Chain Barding Armor
27:06 Wheelbarrow
29:24 Fletching
30:10 Iron Casting
34:57 Imperial Age
33:45 Ballistics
33:06 Treadmill Crane
35:59 Hand Cart
41:09 Chemistry
44:40 Stone Shaft Mining
44:51 Cavalier
48:06 Two-Man Saw
47:38 Crop Rotation
47:52 Onager
50:17 Plate Barding Armor
55:08 Caravan
55:38 Paladin
61:05 Elite Leitis
62:08 Conscription
64:33 Murder Holes
Connection lost

Rejoining the realm…

Still unreachable

The connection could not be restored.

Session expired

The server has moved on; the page needs a fresh start.